 Dungeon Crawl Stone Soup version 0.19-a0-330-g034cfd4 (webtiles) character file.

142 shinino the Chopper (level 5, 0/28 HPs)
             Began as a Vine Stalker Fighter on May 29, 2016.
             Slain by Crazy Yiuf
             ... wielding a +2 quarterstaff of chaos
              (2 damage)
             ... on level 3 of the Dungeon.
             The game lasted 00:03:55 (2082 turns).

shinino the Chopper (Vine Stalker Fighter)          Turns: 2082, Time: 00:03:56

Health: 0/28       AC: 11    Str: 18    XL:     5   Next: 25%
Magic:  0/6        EV:  4    Int:  8    God:
Gold:   149        SH:  9    Dex: 18    Spells: 0 memorised, 4 levels left

rFire  . . .     SeeInvis .     a - +0 war axe
rCold  . . .     Gourm    .     n - +0 chain mail
rNeg   . . .     Faith    .     c - +0 shield
rPois  .         Spirit   +     g - +0 helmet
rElec  .         Dismiss  .     (no cloak)
rCorr  .         Reflect  .     s - +0 pair of gloves {Dex+3}
SustAt .         Harm     .     (no boots)
MR     .....                    (no amulet)
Stlth  ..........               (no ring)
                                (no ring)

@: lethally poisoned (0 -> -1), not resistant to hostile enchantments, extremely
unstealthy
A: fangs 2, regeneration 1, magic shield, antimagic bite, no device heal 3, rot
immunity
a: no special abilities


You were on level 3 of the Dungeon.
You were not hungry.

You visited 1 branch of the dungeon, and saw 3 of its levels.

You collected 149 gold pieces.

Inventory:

Hand Weapons
 a - a +0 war axe (weapon)
Armour
 c - a +0 shield (worn)
 g - a +0 helmet (worn)
 n - a +0 chain mail (worn)
 s - a +0 pair of gloves of dexterity (worn)
Scrolls
 e - 3 scrolls of random uselessness {unknown}
 h - a scroll of remove curse {unknown}
 i - a scroll of magic mapping {unknown}
 j - 5 scrolls of identify {unknown}
 k - 2 scrolls of teleportation {unknown}
 o - a scroll of blinking {unknown}
 p - a scroll of enchant armour {unknown}
Potions
 b - a potion of degeneration {unknown}
 d - 2 potions of might
 l - 3 potions of curing {unknown}
 m - a potion of flight {unknown}
 q - a potion of magic {unknown}
Comestibles
 f - a meat ration
 r - a bread ration


   Skills:
 + Level 3.3 Fighting
 * Level 3.6 Axes
 + Level 3.2 Armour
 - Level 2.6 Shields


You had 4 spell levels left.
You didn't know any spells.

Dungeon Overview and Level Annotations

Branches:
Dungeon (3/15)

Altars:
Cheibriados
Yredelemnul

Annotations:
D:3 Crazy Yiuf


Innate Abilities, Weirdness & Mutations

You have extremely sharp teeth.
Your natural rate of healing is unusually fast.
When hurt, damage is shared between your health and your magic reserves.
Your bite disrupts and absorbs the magic of your enemies.
Potions and wands cannot restore your health.
You are immune to rotting.


Message History

Crazy Yiuf burns you.
Crazy Yiuf hits you with a quarterstaff of chaos.
You are electrocuted!
Ouch! That really hurt!
* * * LOW HITPOINT WARNING * * *
You are too injured to fight recklessly!
Your chain mail prevents you from hitting Crazy Yiuf.
Crazy Yiuf is heavily wounded.
You feel sick. Crazy Yiuf barely misses you.
Crazy Yiuf whimpers, "Dawk!"
You block Crazy Yiuf's attack.
You barely miss Crazy Yiuf. You bite Crazy Yiuf, but do no damage.
Crazy Yiuf is heavily wounded.
You feel sick. You block Crazy Yiuf's attack.
You closely miss Crazy Yiuf.
Crazy Yiuf is heavily wounded.
You feel sick. You block Crazy Yiuf's attack. x2
Crazy Yiuf hits you with a quarterstaff of chaos.
* * * LOW HITPOINT WARNING * * *
You die...

#..†.# #...# #
#PP.P# ####.######
#...## #...>......
##.## #.##.#.####
#.## ##.##.#.####
##.# #..##.......
#.## ##..........
##.# #.####.#...
#@# #..........
#.g.# ####......#
#...# #.######
#..)# #.# #####
###.### ###.....#
##########.#.....#
#..........#.....#
#.......)..#.....#


You could see Crazy Yiuf.

Vanquished Creatures
  Jessica (D:3)
  3 adders
  3 oozes
  2 worms (D:2)
  3 dart slugs
  A giant gecko (D:2)
  An orc (D:3)
  5 giant cockroaches
  2 gnoll zombies (D:2)
  8 goblins
  8 hobgoblins
  2 jackals (D:2)
  A quokka (D:2)
  A ball python (D:1)
  8 bats
  A giant newt (D:1)
  4 kobolds
  7 rats
61 creatures vanquished.

Notes
Turn   | Place    | Note
--------------------------------------------------------------
     0 | D:1      | shinino the Vine Stalker Fighter began the quest for the Orb.
     0 | D:1      | Reached XP level 1. HP: 11/11 MP: 2/2
    44 | D:1      | Reached XP level 2. HP: 12/16 MP: 3/3
   332 | D:1      | Reached XP level 3. HP: 18/19 MP: 4/4
  1020 | D:2      | Found a snail-covered altar of Cheibriados.
  1231 | D:2      | Reached XP level 4. HP: 21/23 MP: 5/5
  1479 | D:2      | Found a basalt altar of Yredelemnul.
  1614 | D:3      | Noticed Jessica
  1623 | D:3      | HP: 1/24 [Jessica/nerve-wracking pain (4)]
  1627 | D:3      | Killed Jessica
  1901 | D:3      | Reached XP level 5. HP: 28/28 MP: 4/6
  2074 | D:3      | Noticed Crazy Yiuf
  2082 | D:3      | Slain by Crazy Yiuf

Vault maps used:
D:1:      arrival_zaba_pyramid, fountainhead
D:2:      lemuel_doored_altar, lemuel_zombie_altar_yredelemnul,
          minmay_close_crescents
D:3:      serial_glass, glass_columns_a, glass_columns_c,
          uniq_crazy_yiuf_cottage, uniq_robin, uniq_jessica

Skill      XL: |  1  2  3  4 |
---------------+-------------+-----
Axes           | 2 3 |  3.6
Fighting       | 3 |  3.3
Armour         | 3 |  3.2
Shields        | |  2.6

Action                   |  1- 3 |  4- 6 || total
-------------------------+-------+-------++-------
Melee: War axe           |    84 |    80 ||   164
       Bite              |    17 |    24 ||    41
  Eat: Bread ration      |     1 |       ||     1
Armor: Scale mail        |    26 |       ||    26
       Chain mail        |     1 |    37 ||    38
Dodge: Dodged            |    22 |    19 ||    41
Block: Shield            |    40 |    49 ||    89
